 Dungeon Crawl Stone Soup version 0.25.1-8-g42b30a86e7 (webtiles) character file.

Game seed: 12262688310685757336

165 Clowwww the Covered (level 5, -6/41 HPs)
             Began as a Demonspawn Fighter on Dec 5, 2020.
             Was an Initiate of Ashenzari.
             Killed from afar by Natasha (7 damage)
             ... with a magic dart
             ... on level 2 of the Dungeon.
             The game lasted 00:05:15 (2232 turns).

Clowwww the Covered (Demonspawn Fighter)            Turns: 2232, Time: 00:05:15

Health: -6/41      AC:  9    Str: 18    XL:     5   Next: 22%
Magic:  0/5        EV:  7    Int:  9    God:    Ashenzari [......]
Gold:   38         SH:  9    Dex: 12    Spells: 4/4 levels left

rFire    . . .     SeeInvis .   a - +0 war axe
rCold    . . .     Gourm    .   c - +0 kite shield
rNeg     . . .     Faith    .   b - +0 scale mail
rPois    .         Spirit   +   (no helmet)
rElec    .         Reflect  .   (no cloak)
rCorr    .         Harm     .   (no gloves)
MR       .....                  (no boots)
Stlth    ..........             (no amulet)
HPRegen  0.13/turn              (no ring)
MPRegen  0.09/turn              (no ring)

@: mighty, slowed, very slow
A: slimy green scales 1, magic shield
a: Curse Item, Renounce Religion


You were on level 2 of the Dungeon.
You worshipped Ashenzari.
Ashenzari was noncommittal.
You were not hungry.

You visited 1 branch of the dungeon, and saw 2 of its levels.

You collected 38 gold pieces.

Inventory:

Hand Weapons
 a - a +0 war axe (weapon)
Missiles
 i - 7 silver boomerangs (quivered)
Armour
 b - a +0 scale mail (worn)
 c - a +0 kite shield (worn)
 l - a +1 ring mail of cold resistance
Jewellery
 r - an uncursed ring of wizardry
 s - an uncursed amulet of magic regeneration
Scrolls
 h - 3 scrolls of remove curse
 k - 6 scrolls of identify {unknown}
 m - a scroll of blinking {unknown}
 n - 2 scrolls of teleportation {unknown}
Potions
 d - 2 potions of might
 e - a potion of degeneration {unknown}
 g - 3 potions of curing {unknown}
 j - a potion of flight {unknown}
 o - a potion of lignification {unknown}
 p - a potion of resistance {unknown}
 t - a potion of mutation {unknown}
Comestibles
 f - 2 rations
 q - 8 chunks of flesh


   Skills:
 + Level 3.4 Fighting
 + Level 3.1 Axes
 + Level 3.9 Armour
 + Level 1.1 Dodging
 + Level 0.1 Stealth
 + Level 3.1 Shields


You had 4 spell levels left.
You didn't know any spells.
Your spell library was empty.

Dungeon Overview and Level Annotations

Branches:
Dungeon (2/15)

Altars:
Ashenzari
Fedhas

Annotations:
D:2 Natasha


Innate Abilities, Weirdness & Mutations

You are partially covered in slimy green scales. (AC +2)
When hurt, damage is shared between your health and your magic reserves.


Message History

* * * LOW HITPOINT WARNING * * *
You block the crimson imp's attack. Natasha casts a spell at you.
The magic dart hits you.
* * * LOW HITPOINT WARNING * * *
The white imp hits you but does no damage.
The crimson imp hits you but does no damage.
You feel very mighty all of a sudden. You block Natasha's attack.
You block the white imp's attack.
The crimson imp blinks!
Natasha claws you but does no damage.
You closely miss Natasha.
Natasha is heavily wounded.
Your shield prevents you from hitting the white imp.
The white imp gestures at you. The puff of frost hits you.
* * * LOW HITPOINT WARNING * * *
The crimson imp lashes its tail.
Natasha casts a spell at you. The magic dart hits you!
You die...

##.###.#...#.#### #####.<..
....#......#....#####........
.......................#####.
.............##.........# ##
.............##.........#
.............##...5.....#
.........)....#.......<.#
........÷.....§.........#
.............@h.........#
..........÷.#.5.........# ###
≈≈...#.###.#...........# ...
≈≈≈≈≈....##.##..........# ...
≈≈≈≈≈≈...##.##..........# ...
≈≈≈≈≈≈≈..##....#..#..####.....
≈PPP≈≈≈≈..............)........
P...P≈≈≈≈............###.#.....
<._.>≈≈≈≈............###.#...>.


You could see Natasha, a crimson imp (summoned) and a white imp (summoned).

Vanquished Creatures
  Terence (D:2)
  Natasha (twice) (D:2)
  A gnoll (D:1)
  2 adders (D:2)
  A worm (D:2)
  2 dart slugs
  2 leopard geckos
  2 giant cockroaches (D:1)
  8 goblins
  5 hobgoblins
  6 jackals
  A ball python (D:2)
  6 bats
  7 frilled lizards
  3 kobolds (D:1)
  5 rats (D:1)
54 creatures vanquished.

Notes
Turn   | Place    | Note
-------+----------+-------------------------------------------
     0 | D:1      | Clowwww the Demonspawn Fighter began the quest for the Orb.
     0 | D:1      | Reached XP level 1. HP: 18/18 MP: 1/1
   437 | D:1      | Gained mutation: When hurt, damage is shared between your
                  | health and your magic reserves. [demonic ancestry]
   437 | D:1      | Reached XP level 2. HP: 24/24 MP: 2/2
   958 | D:1      | Reached XP level 3. HP: 11/29 MP: 3/3
  1230 | D:1      | Reached skill level 1 in Dodging
  1817 | D:2      | Gained mutation: You are partially covered in slimy green
                  | scales. (AC +2) [demonic ancestry]
  1817 | D:2      | Reached XP level 4. HP: 35/35 MP: 4/4
  1971 | D:2      | Noticed Terence
  1980 | D:2      | Killed Terence
  2059 | D:2      | Found a shattered altar of Ashenzari.
  2110 | D:2      | Became a worshipper of Ashenzari the Shackled
  2119 | D:2      | Found a blossoming altar of Fedhas.
  2179 | D:2      | Noticed Natasha
  2187 | D:2      | Killed Natasha
  2187 | D:2      | Reached XP level 5. HP: 35/41 MP: 5/5
  2203 | D:2      | Noticed Natasha
  2212 | D:2      | Killed Natasha
  2218 | D:2      | Noticed Natasha
  2232 | D:2      | HP: 1/41 [white imp/puff of frost[Natasha] (5)]
  2232 | D:2      | Killed from afar by Natasha

Illustrated notes

Levels and vault maps discovered:
D:1:      lightli_arrival_lavapool, layout_loops_corners, nrook_mini_backslash,
          minmay_tromino_mix6
D:2:      layout_rooms, ashenzari_conservatory_becter, fedhas_ov_isle_minmay,
          minmay_lizard_pond, uniq_natasha, uniq_terence

Skill      XL: |  1  2  3  4 |
---------------+-------------+-----
Armour         | 3 |  3.9
Shields        | 3 |  3.1
Axes           | 2 3 |  3.1
Dodging        | 1 |  1.1
Fighting       | |  3.4
Stealth        | |  0.1

Action                   |  1- 3 |  4- 6 || total
-------------------------+-------+-------++-------
Melee: War axe           |   137 |    44 ||   181
  Use: Potion            |       |     1 ||     1
  Eat: Chunk             |     3 |     2 ||     5
Armor: Scale mail        |    64 |    22 ||    86
Dodge: Dodged            |    41 |    22 ||    63
Block: Kite shield       |    65 |    31 ||    96
